 Dungeon Crawl Stone Soup version 0.28.0-53-g5a82cb258f (webtiles) character file.

Game seed: 14543426808177327652

410 cbfl8 the Poker (level 6, 0/76 HPs)
             Began as a Merfolk Berserker on Sept 30, 2022.
             Was a Believer of Trog.
             Slain by an iguana (8 damage)
             ... on level 4 of the Dungeon.
             The game lasted 00:05:23 (4987 turns).

cbfl8 the Poker (Merfolk Berserker)                 Turns: 4987, Time: 00:05:24

Health: 0/76       AC:  8    Str: 18    XL:     6   Next: 89%
Magic:  7/7        EV:  8    Int:  6    God:    Trog [**....]
Gold:   186        SH:  0    Dex: 15    Spells: 5/5 levels left

rFire   . . .      SeeInvis +   a - +0 spear
rCold   . . .      Faith    .   (no shield)
rNeg    . . .      Spirit   .   o - +0 chain mail
rPois   .          Reflect  .   (no helmet)
rElec   .          Harm     .   (no cloak)
rCorr   .          Rampage  .   (no gloves)
Will    .....                   (no boots)
Stlth   ..........              (no amulet)
HPRegen 0.22/turn               k - ring of see invisible
MPRegen 0.10/turn               (no ring)

@: berserking, very quick
A: (nimble swimmer 2), mertail
a: Renounce Religion, Berserk, Trog's Hand


You were on level 4 of the Dungeon.
You worshipped Trog.
Trog was pleased with you.
You visited 1 branch of the dungeon, and saw 4 of its levels.

You collected 186 gold pieces.

Inventory:

Hand Weapons
 a - a +0 spear (weapon)
Armour
 o - a +0 chain mail (worn)
Jewellery
 k - a ring of see invisible (left hand)
Wands
 m - a wand of polymorph (6)
 n - a wand of paralysis (7)
Scrolls
 d - a scroll of immolation {unknown}
 e - 2 scrolls of teleportation {unknown}
 f - a scroll of brand weapon {unknown}
 g - a scroll of vulnerability {unknown}
 h - a scroll of acquirement {unknown}
 i - 2 scrolls of identify {unknown}
Potions
 b - 2 potions of attraction {unknown}
 c - a potion of heal wounds {unknown}
 j - 2 potions of curing {unknown}


   Skills:
 * Level 5.1 Fighting
 * Level 7.4 Polearms
 + Level 2.2 Armour
 * Level 3.9 Dodging
 * Level 2.1 Invocations


You had 5 spell levels left.
You didn't know any spells.
Your spell library was empty.

Dungeon Overview and Level Annotations

Branches:
Dungeon (4/15)
 Temple: D:4-7

Altars:
Gozag


Innate Abilities, Weirdness & Mutations

((You are very nimble when in or above water. (Stealth+, EV+, Speed+++)))
Your lower body shifts to a powerful aquatic tail in water.


Message History

The iguana is moderately wounded.
The iguana bites you!
You barely miss the iguana.
The iguana is moderately wounded.
The iguana bites you.
You hit the iguana but do no damage.
The iguana is moderately wounded.
The iguana bites you.
* * * LOW HITPOINT WARNING * * *
You barely miss the iguana.
The iguana is moderately wounded.
You closely miss the iguana.
The iguana is moderately wounded.
The iguana closely misses you.
You completely miss the iguana.
The iguana is moderately wounded.
The iguana bites you.
* * * LOW HITPOINT WARNING * * *
You hit the iguana.
The iguana is moderately wounded.
You closely miss the iguana.
The iguana is moderately wounded.
The iguana closely misses you.
You hit the iguana.
The iguana is severely wounded.
The iguana bites you.
* * * LOW HITPOINT WARNING * * *
You barely miss the iguana.
The iguana is severely wounded.
The iguana barely misses you.
You hit the iguana.
The iguana is severely wounded.
You closely miss the iguana.
The iguana is severely wounded.
The iguana barely misses you.
A red film seems to cover your vision as you go berserk!
You feel yourself moving faster!
You feel mighty!
The iguana hisses menacingly.
The iguana bites you!
You die...

#.......
#.###### #.# #.#
#.# #.# #.#
#############..#
#.#
#..†.....@l...>#
#.#
#.##############
#.# #.# #.######
#.# #....... #.#
######## #.# #.#
#.# #.#


You could see an iguana.

Vanquished Creatures
  A necrophage (D:3)
  An ogre (D:4)
  A howler monkey (D:3)
  Ijyb (D:3)
  Terence (D:3)
  An iguana (D:4)
  A gnoll (D:2)
  3 adders
  An ufetubus (D:3)
  A worm (D:2)
  A dart slug (D:3)
  8 orcs (D:3)
  6 endoplasms
  4 giant cockroaches
  4 goblins
  5 hobgoblins
  3 kobolds
  5 quokkas
  10 ball pythons
  5 bats
  4 frilled lizards
  4 rats
71 creatures vanquished.

Notes
Turn   | Place    | Note
-------+----------+-------------------------------------------
     0 | D:1      | cbfl8 the Merfolk Berserker began the quest for the Orb.
     0 | D:1      | Reached XP level 1. HP: 18/18 MP: 1/1
   142 | D:1      | Found a faded altar of an unknown god.
   526 | D:2      | Reached XP level 2. HP: 25/25 MP: 2/2
   587 | D:2      | Reached skill level 5 in Polearms
   957 | D:2      | Reached XP level 3. HP: 30/30 MP: 3/3
  1878 | D:3      | Reached ** piety under Trog
  1879 | D:3      | Reached XP level 4. HP: 17/37 MP: 4/4
  2219 | D:3      | Noticed a necrophage
  2230 | D:3      | Killed a necrophage
  2231 | D:3      | Reached skill level 6 in Polearms
  2231 | D:3      | Reached skill level 1 in Invocations
  2231 | D:3      | Reached XP level 5. HP: 43/43 MP: 5/5
  3053 | D:3      | Noticed Ijyb
  3057 | D:3      | Paralysed by Ijyb for 3 turns
  3068 | D:3      | Killed Ijyb
  3179 | D:3      | Noticed Terence
  3193 | D:3      | Killed Terence
  3194 | D:3      | Reached XP level 6. HP: 50/50 MP: 7/7
  3834 | D:4      | Reached skill level 5 in Fighting
  3947 | D:4      | Found an opulent altar of Gozag.
  4074 | D:4      | Reached skill level 7 in Polearms
  4987 | D:4      | Slain by an iguana

Illustrated notes

Levels and vault maps discovered:
D:1:      lightli_arrival_noodles, layout_rooms,
          shapermc_ecumenical_altar_totnotflames
D:2:      minmay_general_purpose_star, layout_basic, minmay_close_crescents
D:3:      layout_basic, uniq_terence, uniq_ijyb
D:4:      layout_basic, nicolae_overflow_hidden_temple, grunt_gozag_statues,
          minmay_circle_x

Skill      XL: |  1  2  3  4  5  6 |
---------------+-------------------+-----
Polearms       | 5 6 7 |  7.4
Fighting       | 4 5 |  5.1
Dodging        | 3 |  3.9
Invocations    | 1 2 |  2.1
Armour         | 2 |  2.2

Action                   |  1- 3 |  4- 6 || total
-------------------------+-------+-------++-------
Melee: Spear             |   135 |   197 ||   332
       Punch             |       |     4 ||     4
Invok: Berserk           |     1 |     5 ||     6
Armor: Animal skin       |     1 |       ||     1
       Ring mail         |    23 |       ||    23
       Scale mail        |    13 |    17 ||    30
       Chain mail        |       |    34 ||    34
Dodge: Dodged            |    76 |    82 ||   158
